 Dungeon Crawl Stone Soup version 0.19-a0-1170-g18f0c96 (webtiles) character file.

58 epen the Poker (level 4, -4/55 HPs)
             Began as a Merfolk Monk on Aug 16, 2016.
             Slain by Sigmund
             ... wielding a +0 scythe
              (8 damage)
             ... on level 2 of the Dungeon.
             The game lasted 00:03:35 (2370 turns).

epen the Poker (Merfolk Monk)                       Turns: 2370, Time: 00:03:35

Health: -4/55      AC:  8    Str: 17    XL:     4   Next: 1%
Magic:  4/4        EV: 15    Int:  9    God:
Gold:   76         SH:  0    Dex: 16    Spells: 0 memorised, 3 levels left

rFire  . . .     SeeInvis .     a - +0 spear
rCold  . . .     Gourm    .     b - +0 robe
rNeg   . . .     Faith    .     (no shield)
rPois  .         Spirit   .     n - +0 helmet (curse)
rElec  .         Dismiss  .     (no cloak)
rCorr  .         Reflect  .     r - +1 pair of gloves
MR     .....     Harm     .     q - +2 pair of boots
Stlth  ..........               (no amulet)
                                (no ring)
                                l - ring of loudness (curse)

@: confused, berserking, very quick
A: change form in water, swift swim, deterioration 1, sense surroundings 1,
subdued magic 1
a: no special abilities


You were on level 2 of the Dungeon.
You were hungry.

You visited 1 branch of the dungeon, and saw 2 of its levels.

You collected 76 gold pieces.

Inventory:

Hand Weapons
 a - a +0 spear (weapon)
Armour
 b - a +0 robe (worn)
 n - a cursed +0 helmet (worn)
 q - a +2 pair of boots (worn)
 r - a +1 pair of gloves (worn)
Jewellery
 l - a cursed ring of loudness (left hand)
Scrolls
 d - 3 scrolls of identify {unknown}
 g - a scroll of fog {unknown}
 h - a scroll of random uselessness {unknown}
 i - a scroll of blinking {unknown}
 m - a scroll of amnesia {unknown}
 o - a scroll of teleportation {unknown}
Potions
 e - a potion of brilliance {unknown}
 j - a potion of degeneration {unknown}
Comestibles
 c - 3 bread rations
 f - 2 beef jerkies


   Skills:
 + Level 3.7 Fighting
 + Level 5.2 Polearms
 * Level 1.1 Armour
 + Level 4.7 Dodging
 - Level 2.1 Stealth


You had 3 spell levels left.
You didn't know any spells.

Dungeon Overview and Level Annotations

Branches:
Dungeon (2/15)

Altars:

Annotations:
D:2 Sigmund


Innate Abilities, Weirdness & Mutations

You revert to your normal form in water.
You are very nimble and swift while swimming.
Your body sometimes deteriorates upon taking damage.
You passively map a small area around you.
Your spells are a little easier to cast, but a little less powerful.


Message History

Sigmund points at you and mumbles some strange words.
The magic dart hits you!
Unknown command.
Unknown command.
Wield which item (- for none, * to show all)? (? for menu, Esc to quit)
a - a +0 spear (weapon)
Sigmund barely misses you.
It was a potion of berserk rage.
A red film seems to cover your vision as you go berserk!
You feel yourself moving faster!
You feel mighty!
You closely miss Sigmund.
Sigmund is heavily wounded.
Sigmund hits you with a scythe!
* * * LOW HITPOINT WARNING * * *
You puncture Sigmund!
Sigmund is almost dead.
You miss Sigmund.
Sigmund is almost dead.
You bump into the rock wall.
Sigmund hits you with a scythe!
You die...

### #.# ###### #.############
#.##.# #...........@#
#.#.##.# #.##########@#
#.#.##.# #.# #.# #.#.##.###
#.# #######.##### #.#.##.#..
#.# #...........###.#.##.#..
#.# #...........##..........
#.####......[....##....##.#..
#>........................+..
#.####...........##....##.#..


You could see Sigmund.

Vanquished Creatures
  An adder (D:2)
  2 worms (D:2)
  A dart slug (D:1)
  3 giant geckos (D:2)
  5 bats
  3 giant cockroaches
  4 goblins
  6 hobgoblins
  6 kobolds
  2 ball pythons (D:2)
  A giant newt (D:1)
  4 rats
38 creatures vanquished.

Notes
Turn   | Place    | Note
-------+----------+-------------------------------------------
     0 | D:1      | epen the Merfolk Monk began the quest for the Orb.
     0 | D:1      | Reached XP level 1. HP: 18/18 MP: 1/1
     6 | D:1      | Noticed a black bear
     6 | D:1      | Noticed a swamp drake
     7 | D:1      | Noticed a black mamba
     7 | D:1      | Noticed a swamp worm
   161 | D:1      | Reached XP level 2. HP: 23/24 MP: 2/2
   925 | D:2      | Reached XP level 3. HP: 29/29 MP: 3/3
  1225 | D:2      | Reached skill level 5 in Polearms
  1337 | D:2      | Reached skill level 1 in Armour
  1351 | D:2      | Noticed Sigmund
  1996 | D:2      | Reached XP level 4. HP: 37/37 MP: 4/4
  2341 | D:2      | Gained mutation: Your spells are a little easier to cast, but a little less powerful. [potion of mutation]
  2341 | D:2      | Gained mutation: Your body sometimes deteriorates upon taking damage. [potion of mutation]
  2341 | D:2      | Gained mutation: You passively map a small area around you. [potion of mutation]
  2370 | D:2      | Slain by Sigmund

Vault maps used:
D:1:      onia_arrival_zoo_common, minmay_hedge_maze
D:2:      uniq_sigmund

Skill      XL: |  1  2  3 |
---------------+----------+-----
Polearms       | 5 |  5.2
Armour         | 1 |  1.1
Fighting       | |  3.7
Dodging        | |  4.7
Stealth        | |  2.1

Action                   |  1- 3 |  4- 6 || total
-------------------------+-------+-------++-------
Melee: Spear             |   141 |    26 ||   167
       Unarmed           |       |     3 ||     3
  Use: Potion            |       |     3 ||     3
 Stab: Distracted        |     1 |       ||     1
       Sleeping          |     4 |       ||     4
  Eat: Chunk             |     3 |     1 ||     4
Armor: Robe              |     8 |     2 ||    10
       Skin              |       |    10 ||    10
Dodge: Dodged            |    65 |     4 ||    69
